 Dungeon Crawl Stone Soup version 0.25.1-2-g60ff931df9 (webtiles) character file.

Game seed: 7226509664137445215

709 HawFromDerth the Firebug (level 7, -2/36 HPs)
             Began as a Deep Elf Fire Elementalist on Sept 19, 2020.
             Slain by a worker ant (5 damage)
             ... on level 4 of the Dungeon.
             The game lasted 00:19:47 (8393 turns).

HawFromDerth the Firebug (DEFE)                     Turns: 8393, Time: 00:19:48

Health: -2/36      AC:  2    Str:  5    XL:     7   Next: 40%
Magic:  13/17      EV: 13    Int: 22    God:
Gold:   215        SH:  0    Dex: 15    Spells: 6/17 levels left

rFire    + . .     SeeInvis .   i - +0 dagger
rCold    x . .     Gourm    .   (no shield)
rNeg     . . .     Faith    .   a - +0 robe
rPois    .         Spirit   .   (no helmet)
rElec    .         Reflect  .   (no cloak)
rCorr    .         Harm     .   (no gloves)
MR       .....                  (no boots)
Stlth    +++.......             (no amulet)
HPRegen  0.12/turn              f - ring of fire
MPRegen  0.15/turn              (no ring)

@: very slightly contaminated
A: no striking features
a: no special abilities


You were on level 4 of the Dungeon.
You were not hungry.

You visited 1 branch of the dungeon, and saw 5 of its levels.

You collected 215 gold pieces.

Inventory:

Hand Weapons
 i - a +0 dagger (weapon)
Missiles
 k - 5 curare-tipped darts (quivered)
Armour
 a - a +0 robe (worn)
Jewellery
 f - a ring of fire (left hand)
 q - an uncursed ring of wizardry {unknown}
Wands
 g - a wand of polymorph (11)
Scrolls
 b - a scroll of teleportation
 l - a scroll of remove curse
 r - 2 scrolls of enchant armour
Potions
 d - 2 potions of brilliance
 h - 2 potions of lignification {unknown}
 j - 3 potions of curing
 o - a potion of mutation {unknown}
Comestibles
 c - 2 rations


   Skills:
 + Level 0.2 Fighting
 + Level 0.1 Short Blades
 + Level 2.8 Dodging
 + Level 4.2 Stealth
 + Level 5.9 Spellcasting
 + Level 3.8 Conjurations
 - Level 0.5 Hexes
 * Level 6.7 Fire Magic


You had 6 spell levels left.
You knew the following spells:

 Your Spells              Type           Power        Failure   Level  Hunger
a - Foxfire               Conj/Fire      ####         1%          1    None
b - Conjure Flame         Conj/Fire      #####...     3%          3    #......
c - Inner Flame           Hex/Fire       ####....     6%          3    #......
d - Sticky Flame          Conj/Fire      #####...     11%         4    ###....

Your spell library contained the following spells:

 Spells                   Type           Power        Failure   Level  Hunger
 Fireball                 Conj/Fire      #####.....   28%         5    #####..


Dungeon Overview and Level Annotations

Branches:
Dungeon (5/15)
 Temple: D:4-7

Altars:
Cheibriados
Fedhas
Uskayaw
Xom
Yredelemnul
The Shining One

Annotations:
D:4 1 transporter, tensugalgo's ghost, amateur OgMo


Message History

* * * LOW HITPOINT WARNING * * *
Tensugalgo's ghost closely misses you. The hound bites you.
* * * LOW HITPOINT WARNING * * *
Casting: Foxfire (safe; 1% risk of failure)
Confirm with . or Enter, or press ? or * to list all spells.
You feel a surge of power!
You conjure some foxfire!
The foxfire hits the hound!
You kill the hound!
The foxfire hits the worker ant.
The worker ant is moderately wounded.
The leopard gecko closely misses you. Tensugalgo's ghost closely misses you.
The leopard gecko misses you.
The foxfire hits the worker ant but does no damage.
The worker ant is moderately wounded.
The foxfire hits tensugalgo's ghost!
Tensugalgo's ghost is lightly damaged.
The worker ant misses you.
You flicker back into view.
The worker ant bites you.
You die...

........# #........... ........#
#........... ........#
##########..#.)).....
........#####...........##.[.####
[.............#########...<..#
........####.##...?...##.....#
..........##.#8..#.#.a8#.....# ##
........#..#.#..#...#..#.....# #.
..########...#..@.l...!#.....###.
#.# #....©#...aW...$#©....##..
..#### #.....#.........#.........
..(..####....#..#...#.[#.........
#............#8..#.#..8#.........
###...###.#..##©......##.##......
#...# #.##..#########(.........
#...###.###..............##....
###.....#..####.....##.....##.#..


You could see 2 worker ants, tensugalgo's ghost and a leopard gecko.

Vanquished Creatures
  An orc warrior (D:3)
  A phantom (D:4)
  An ogre (D:4)
  A scorpion (D:2)
  2 hounds (D:4)
  3 orc wizards (D:4)
  An iguana (D:4)
  2 worker ants (D:4)
  A gnoll (D:1)
  6 adders
  An ooze (D:1)
  2 worms (D:2)
  3 dart slugs
  2 leopard geckos
  11 orcs
  4 giant cockroaches
  2 gnoll zombies (D:2)
  7 goblins
  8 hobgoblins
  2 jackals (D:2)
  3 quokkas
  A ball python (D:1)
  10 bats
  5 frilled lizards
  11 kobolds
  A quokka skeleton (D:4)
  7 rats
99 creatures vanquished.

Vanquished Creatures (others)
  421 foxfires
421 creatures vanquished.

Grand Total: 520 creatures vanquished

Notes
Turn   | Place    | Note
-------+----------+-------------------------------------------
     0 | D:1      | HawFromDerth the Deep Elf Fire Elementalist began the quest
                  | for the Orb.
     0 | D:1      | Reached XP level 1. HP: 10/10 MP: 6/6
   695 | D:1      | Reached XP level 2. HP: 15/15 MP: 5/8
   777 | D:1      | Reached skill level 4 in Fire Magic
  1462 | D:1      | Reached XP level 3. HP: 19/19 MP: 4/9
  1467 | D:1      | Learned a level 3 spell: Conjure Flame
  1471 | D:1      | Learned a level 3 spell: Inner Flame
  2923 | D:2      | Noticed a scorpion
  2937 | D:2      | Killed a scorpion
  2937 | D:2      | Reached XP level 4. HP: 24/24 MP: 3/11
  3903 | D:2      | Found a basalt altar of Yredelemnul.
  4023 | D:2      | Found a faded altar of an unknown god.
  4449 | D:3      | Reached XP level 5. HP: 28/28 MP: 7/13
  4499 | D:3      | Learned a level 4 spell: Sticky Flame
  4567 | D:3      | Found a blossoming altar of Fedhas.
  4904 | D:3      | Reached skill level 5 in Fire Magic
  5311 | D:3      | Noticed an orc warrior
  5332 | D:3      | Killed an orc warrior
  5602 | D:3      | Reached XP level 6. HP: 32/32 MP: 11/14
  6253 | D:3      | Found a shimmering altar of Xom.
  6534 | D:4      | Noticed tensugalgo's ghost (amateur OgMo)
  6568 | D:4      | Found a transporter.
  6571 | D:4      | Found a transporter.
  6978 | D:4      | Reached skill level 6 in Fire Magic
  7372 | D:4      | Reached skill level 5 in Spellcasting
  7423 | D:4      | Found a hide-covered altar of Uskayaw.
  7527 | D:4      | Found a glowing golden altar of the Shining One.
  7529 | D:4      | Found a snail-covered altar of Cheibriados.
  7578 | D:4      | Reached XP level 7. HP: 36/36 MP: 13/16
  7998 | D:5      | Entered Level 5 of the Dungeon
  8393 | D:4      | Slain by a worker ant

Illustrated notes

Levels and vault maps discovered:
D:1:      onia_arrival_mini_maze_b, layout_basic, minmay_misc_feat_doors,
          minmay_misc_feat_cross, skrybe_limestone_x, st_stairs_3,
          minmay_quantized
D:2:      layout_rooms, lemuel_zombie_altar_yredelemnul,
          chequers_ecumenical_altar_lobes, first_ration, kennysheep_flooded_box,
          kennysheep_generic_room_4
D:3:      layout_basic, lemuel_crystal_altar, overflow_temple_1_default,
          minmay_misc_feat_tower
D:4:      layout_rooms, grunt_temple_overflow_open, gammafunk_ghost_arena
D:5:      layout_cave_pools, old_standard_altar, serial_shops,
          nicolae_shop_waterfront, serial_glass, glass_columns_c,
          glass_columns_b, basic_altar, st_stairs_8, uniq_grinder, uniq_ijyb

Skill      XL: |  1  2  3  4  5  6 |
---------------+-------------------+-----
Fire Magic     | 4 5 6 |  6.7
Stealth        | 3 4 |  4.2
Conjurations   | 2 3 |  3.8
Spellcasting   | 4 5 |  5.9
Fighting       | |  0.2
Short Blades   | |  0.1
Dodging        | |  2.8
Hexes          | |  0.5

Action                   |  1- 3 |  4- 6 |  7- 9 || total
-------------------------+-------+-------+-------++-------
Melee: Dagger            |       |       |    38 ||    38
 Cast: Foxfire           |    80 |   161 |    37 ||   278
       Conjure Flame     |     3 |     4 |       ||     7
       Inner Flame       |     2 |       |       ||     2
  Use: Scroll            |     3 |     8 |       ||    11
       Potion            |     3 |       |     1 ||     4
  Eat: Chunk             |     6 |    11 |     2 ||    19
       Ration            |       |     1 |     1 ||     2
Armor: Robe              |     4 |     5 |     8 ||    17
Dodge: Dodged            |    16 |    28 |    42 ||    86
